 Dungeon Crawl Stone Soup version 0.17-a0-737-gf0a300a (console) character file.

172 Monkaria the Slasher (level 5, -7/45 HPs)
             Began as a Demonspawn Chaos Knight on May 8, 2015.
             Killed by divine providence
             ... invoked by an orc priest
              (12 damage)
             ... on level 3 of the Dungeon.
             The game lasted 00:05:14 (2044 turns).

Monkaria the Slasher (Demonspawn Chaos Knight)      Turns: 2044, Time: 00:05:14

Health: -7/45      AC:  6    Str: 14    XL:     5   Next: 27%
Magic:  5/5        EV: 12    Int: 13    God:    Xom [.*....]
Gold:   161        SH:  0    Dex: 12    Spells: 0 memorised, 4 levels left

rFire  + . .     SeeInvis .     a - +0 falchion (chaos)
rCold  . . .     Clarity  .     b - +2 leather armour
rNeg   . . .     SustAb   .     (no shield)
rPois  .         Gourm    .     (no helmet)
rElec  .         Spirit   .     m - +0 cloak
rCorr  .         Warding  .     (no gloves)
rMut   .         Stasis   .     (no boots)
MR     .....                    (no amulet)
Stlth  +.........               (no ring)
                                q - ring of flight

@: not resistant to hostile enchantments, very unstealthy
A: talons 1, fire resistance 1, powered by death 1, robust 1
a: Renounce Religion, Evoke Flight


You were on level 3 of the Dungeon.
You worshipped Xom.
You were a plaything of Xom.
You were not hungry.

You visited 1 branch of the dungeon, and saw 3 of its levels.

You collected 161 gold pieces.

Inventory:

Hand weapons
 a - a +0 falchion of chaos (weapon)
Missiles
 f - 16 poisoned needles
Armour
 b - a +2 leather armour (worn)
 m - a +0 cloak (worn)
Jewellery
 q - a ring of flight (left hand)
Magical devices
 n - a wand of frost (20)
Scrolls
 e - 4 scrolls of identify {unknown}
 g - a scroll of enchant armour {unknown}
 h - a scroll of teleportation {unknown}
 j - a scroll of fear {unknown}
 l - 2 scrolls of immolation {unknown}
 o - a scroll of remove curse {unknown}
 r - a scroll of random uselessness {unknown}
 s - a scroll of recharging {unknown}
Comestibles
 c - 2 bread rations
 d - 2 meat rations
 i - a beef jerky
 k - a chunk of flesh


   Skills:
 - Level 3.2 Fighting
 + Level 4.8 Long Blades
 - Level 2.0 Armour
 - Level 2.1 Dodging


You had 4 spell levels left.
You didn't know any spells.

Dungeon Overview and Level Annotations

Branches:
Dungeon (3/15)

Altars:
Ashenzari


Innate Abilities, Weirdness & Mutations

You have sharp toenails.
Your flesh is heat resistant.
You can steal the life force of nearby defeated enemies.
You are robust (+10% HP).


Message History

You claw the orc wizard, but do no damage.
The orc wizard is moderately wounded.
The orc wizard hits you with a dagger of holy wrath.
You convulse.
Something hits you but does no damage. The orc wizard casts a spell at you.
The magic dart hits you! The orc hits you with a club.
* * * LOW HITPOINT WARNING * * *
You miss something.
Xom's power touches on a nearby weapon.
The orc's club is briefly surrounded by a scintillating aura of random colours.
The orc wizard closely misses you. Something hits you but does no damage.
You closely miss something. The orc wizard barely misses you.
The orc hits you with a club of chaos.
* * * LOW HITPOINT WARNING * * *
You convulse.
* * * LOW HITPOINT WARNING * * *
You hear something invoke the aid of Beogh against you.
Something smites you!
You die...
Xom is highly amused!

#....# .# #.##.### .#
#.##...#### .#
#.####....### [# #.#
####...###.# #.#
###....[# #.#
########..# #.#
###....###..#
##.###........#@{#
#...##........#oo....#
#...####)...####......#
#....####..## ...#..#
#.....###.## ..## .#
##........# ..#
#.##..#### .## #[...###
.# ##..#.##.. .


You could see an orc wizard and an orc.

Vanquished Creatures
  An orc priest (D:3)
  An orc wizard (D:3)
  4 adders
  2 oozes
  2 worms
  4 orcs (D:3)
  8 bats
  4 giant cockroaches (D:2)
  A goblin (D:1)
  11 hobgoblins
  14 kobolds
  2 quokkas (D:2)
  2 ball pythons
  4 giant newts (D:2)
  8 rats
68 creatures vanquished.

Vanquished Creatures (others)
  A plant (D:2)
1 creature vanquished.

Grand Total: 69 creatures vanquished

Notes
Turn   | Place    | Note
--------------------------------------------------------------
     0 | D:1      | Monkaria, the Demonspawn Chaos Knight, began the quest for the Orb.
     0 | D:1      | Reached XP level 1. HP: 18/18 MP: 1/1
    93 | D:1      | Gained mutation: You can steal the life force of nearby defeated enemies. [demonic ancestry]
    93 | D:1      | Reached XP level 2. HP: 9/24 MP: 2/2
   186 | D:1      | Reached skill level 1 in Dodging
   322 | D:1      | XOM: harmless Fire miscast
   573 | D:1      | XOM: silly message
   821 | D:2      | Gained mutation: Your flesh is heat resistant. [demonic ancestry]
   821 | D:2      | Reached XP level 3. HP: 29/29 MP: 3/3
   901 | D:2      | XOM: 5-stop teleportation journey
   903 | D:2      | XOM: 3-stop teleportation journey
   956 | D:2      | Xom revived you
  1081 | D:2      | Reached XP level 4. HP: 16/35 MP: 4/4
  1321 | D:2      | XOM: god gift: 38 gold pieces
  1389 | D:2      | Found a shattered altar of Ashenzari.
  1395 | D:2      | Saw a vision of the Swamp and the Snake Pit.
  1395 | D:2      | Noticed a water moccasin
  1395 | D:2      | Noticed a water moccasin
  1395 | D:2      | Noticed a raven
  1395 | D:2      | Noticed a mana viper
  1395 | D:2      | Noticed an anaconda
  1395 | D:2      | Noticed a naga
  1395 | D:2      | Noticed a water moccasin
  1395 | D:2      | Noticed a black mamba
  1395 | D:2      | Noticed a naga
  1396 | D:2      | Noticed a baby alligator
  1397 | D:2      | Noticed an alligator
  1398 | D:2      | Noticed an alligator
  1400 | D:2      | Noticed a baby alligator
  1529 | D:3      | XOM: fog
  1554 | D:3      | Gained mutation: You are robust (+10% HP). [potion of beneficial mutation]
  1558 | D:3      | Reached skill level 4 in Long Blades
  1702 | D:3      | XOM: god gift: 8 poisoned sling bullets
  1833 | D:3      | XOM: smoke on damage
  1897 | D:3      | Gained mutation: You have sharp toenails. [demonic ancestry]
  1897 | D:3      | Reached XP level 5. HP: 42/45 MP: 5/5
  2043 | D:3      | XOM: chaos upgrade
  2044 | D:3      | Killed from afar by an orc priest

Action                   |  1- 3 |  4- 6 || total
-------------------------+-------+-------++-------
Melee: Falchion          |   152 |   113 ||   265
  Use: Potion            |     4 |     7 ||    11
 Stab: Paralysed         |     3 |       ||     3
       Sleeping          |     2 |       ||     2
       Petrifying        |       |     1 ||     1
  Eat: Chunk             |     1 |     3 ||     4
